 Dungeon Crawl Stone Soup version 0.30-a0-986-g7f2e898f52 (webtiles) character file.

Game seed: 16070154289576117943

686 ytrimaz the Fighter (level 7, -1/81 HPs)
             Began as an Ogre Monk on Apr 2, 2023.
             Constricted to death by Crazy Yiuf (6 damage)
             ... on level 4 of the Dungeon.
             The game lasted 00:06:25 (5253 turns).

ytrimaz the Fighter (Ogre Monk)                     Turns: 5253, Time: 00:06:25

Health: -1/81      AC:  4    Str: 18    XL:     7   Next: 62%
Magic:  7/7        EV:  7    Int: 11    God:
Gold:   77         SH:  0    Dex: 11    Spells: 6/6 levels left

rFire   . . .      SeeInvis .    o - +0 morningstar
rCold   . . .      Faith    .    (no shield)
rNeg    . . .      Spirit   .    b - +1 robe
rPois   .          Reflect  .    (helmet restricted)
rElec   .          Rampage  .    (no cloak)
rCorr   .                        (gloves unavailable)
Will    .....                    (boots unavailable)
Stlth   ++                       (no amulet)
HPRegen 0.33/turn                (no ring)
MPRegen 0.10/turn                (no ring)

@: grasped by roots, constricted
A: large, unfitting armour, tough skin 1
a: no special abilities


You were on level 4 of the Dungeon.
You visited 1 branch of the dungeon, and saw 4 of its levels.

You collected 209 gold pieces.
You spent 132 gold pieces at shops.


Innate Abilities, Weirdness & Mutations

You are too large for most types of armour.
You have tough skin. (AC +1)


   Skills:
 + Level 8.5 Fighting
 + Level 5.8 Maces & Flails
 - Level 2.7 Dodging
 - Level 1.4 Stealth


You had 6 spell levels left.
You didn't know any spells.
Your spell library contained the following spells:

 Spells                   Type           Power      Damage    Failure   Level
 Blink                    Tloc           0%         N/A       47%         2
 Lesser Beckoning         Tloc           0%         N/A       47%         2
 Momentum Strike          Conj/Tloc      0%         3d8       47%         2
 Call Canine Familiar     Summ           0%         N/A       71%         3
 Portal Projectile        Hex/Tloc       0%         N/A       71%         3
 Stone Arrow              Conj/Erth      0%         3d7       71%         3
 Summon Guardian Golem    Hex/Summ       0%         N/A       71%         3
 Leda's Liquefaction      Hex/Erth       0%         N/A       98%         4
 Orb of Destruction       Conj           0%         9d5       100%        7
 Spellforged Servitor     Conj/Summ      0%         N/A       100%        7
 Lehudib's Crystal Spear  Conj/Erth      0%         10d2      100%        8
 Shatter                  Erth           0%         3d5*      100%        9

Inventory:

Hand Weapons
 a - a +0 mace
 l - a +2 mace of draining
   (You found it on level 2 of the Dungeon)
 m - a +0 giant spiked club of protection
   (You took it off an ogre on level 3 of the Dungeon)
 o - a +0 morningstar (weapon)
   (You took it off Blork the orc on level 4 of the Dungeon)
Armour
 b - a +1 robe (worn)
Scrolls
 d - 2 scrolls of identify
 f - 3 scrolls of teleportation
 h - 4 scrolls of enchant armour
 q - a scroll of magic mapping {unknown}
Potions
 c - a potion of ambrosia
 e - 5 potions of curing
 g - a potion of heal wounds
 i - a potion of magic
 j - a potion of haste {unknown}
 k - a potion of berserk rage
 n - 2 potions of lignification
 p - 2 potions of flight
 r - a potion of might

Dungeon Overview and Level Annotations

Branches:
Dungeon (4/15) Zot: 18645
 Temple: D:4-7

Altars:
Ashenzari
Cheibriados
Ru
Sif Muna
Vehumet

Shops:
D:4 *

Annotations:
D:4 Crazy Yiuf

..# ##....## ##....# ..#
##...# ####.....#
..######...# #........#
....#..##### ###########
.......# #.#
###..<######## #.##
##..#.+..#.### #### #..#
#......#.#..##...# #..##
####.).....####.@g..#
#...# ..##..).'.##
###..)# #...# .......####
#### #...# .......# #...#
###....# #..##
###..#########
######..###
#..........###.........##
#
#............##)....###.#
###
#.............##.....####


You could see Crazy Yiuf.


Message History

Could not explore, unopened runed door.
Press: ? - help, v - describe, . - travel
Here: Crazy Yiuf, wielding a +2 quarterstaff of chaos, wearing a +0 cloak and carrying a wand of roots (9) (fire blocked by a runed translucent door)
The floor.
Unknown command.
You open the door.
Crazy Yiuf yells, "Tosser action agre!"
Crazy Yiuf zaps a wand.
The roots erupt in riotous growth!
The grasping roots grab you!
The grasping roots constrict you. 😕 HP[-4]
You take 4 damage, and now have 77/81 hp.
You escape the roots grasp.
Crazy Yiuf hits you with a +2 quarterstaff of chaos!
There is an open translucent door, spattered with blood here. 😕 HP[-14]
You take 14 damage, and now have 63/81 hp.
Unknown command.
You barely miss Crazy Yiuf.
Crazy Yiuf hits you with a +2 quarterstaff of chaos.
Space warps around you. 😮 HP[-9]
You take 9 damage, and now have 54/81 hp.
You barely miss Crazy Yiuf.
Crazy Yiuf zaps a wand.
The roots erupt in riotous growth!
The grasping roots grab you!
Crazy Yiuf is unaffected.
The grasping roots constrict you.
You closely miss Crazy Yiuf.
Crazy Yiuf hits you with a +2 quarterstaff of chaos!
Crazy Yiuf burns you. The grasping roots constrict you.
* * * LOW HITPOINT WARNING * * *
The grasping roots release their grip on you. 😨 HP[-14]
You take 14 damage, and now have 40/81 hp.
Unknown command.
You closely miss Crazy Yiuf.
Crazy Yiuf hits you with a +2 quarterstaff of chaos.
* * * LOW HITPOINT WARNING * * *
Crazy Yiuf zaps a wand.
The roots erupt in riotous growth!
The grasping roots grab you!
Crazy Yiuf is unaffected.
The grasping roots constrict you.
* * * LOW HITPOINT WARNING * * *
You hit Crazy Yiuf.
Crazy Yiuf yells, "Whippet canine infinity!"
Crazy Yiuf hits you with a +2 quarterstaff of chaos!
* * * LOW HITPOINT WARNING * * *
You easily resist.
The grasping roots constrict you.
* * * LOW HITPOINT WARNING * * *
😱 HP[-21]
You take 21 damage, and now have 19/81 hp.
MASSIVE DAMAGE!! (PAUSE)
You puncture Crazy Yiuf!
Crazy Yiuf grits, "Fluff foot snail!"
Crazy Yiuf hits you with a +2 quarterstaff of chaos!
* * * LOW HITPOINT WARNING * * *
The grasping roots constrict you.
* * * LOW HITPOINT WARNING * * *
The grasping roots release their grip on you. 😱 HP[-13]
You take 13 damage, and now have 6/81 hp.
Unknown command.
You feel much better.
Crazy Yiuf zaps a wand.
The roots erupt in riotous growth!
The grasping roots grab you!
Crazy Yiuf is unaffected.
The grasping roots constrict you.
* * * LOW HITPOINT WARNING * * *
😱 HP[+14]
You regained 14 hp, and now have 20/81 hp.
You barely miss Crazy Yiuf.
Crazy Yiuf hits you with a +2 quarterstaff of chaos!
* * * LOW HITPOINT WARNING * * *
Crazy Yiuf burns you.
* * * LOW HITPOINT WARNING * * *
The grasping roots constrict you.
* * * LOW HITPOINT WARNING * * *
😱 HP[-11]
You take 11 damage, and now have 9/81 hp.
Unknown command.
Unknown command.
You feel much better.
Crazy Yiuf hits you with a +2 quarterstaff of chaos.
* * * LOW HITPOINT WARNING * * *
Crazy Yiuf freezes you.
* * * LOW HITPOINT WARNING * * *
The grasping roots constrict you.
* * * LOW HITPOINT WARNING * * *
😨 HP[+13]
You regained 13 hp, and now have 22/81 hp.
Unknown command.
You barely miss Crazy Yiuf.
Crazy Yiuf hits you with a +2 quarterstaff of chaos!
* * * LOW HITPOINT WARNING * * *
Crazy Yiuf freezes you.
* * * LOW HITPOINT WARNING * * *
The grasping roots constrict you.
You die...

Skill      XL: |  1  2  3  4  5  6  7 |
---------------+----------------------+-----
Maces & Flails | 3 4 5 |  5.8
Fighting       | 5 6 7 8 |  8.5
Dodging        | |  2.7
Stealth        | |  1.4

Action                     |  1- 3 |  4- 6 |  7- 9 || total
---------------------------+-------+-------+-------++-------
  Melee: Mace              |   116 |   183 |    40 ||   339
         Punch             |     1 |     2 |     1 ||     4
         Morningstar       |       |       |    20 ||    20
         Giant spiked club |       |       |    16 ||    16
    Use: Scroll            |     3 |       |     5 ||     8
         Potion            |       |       |     2 ||     2
   Stab: Sleeping          |       |     1 |     2 ||     3
 Armour: Robe              |    62 |    66 |    22 ||   150
  Dodge: Dodged            |    94 |    88 |    57 ||   239

Levels and vault maps discovered:
D:1:      sevenhm_arrival_forest_fort_large_3, layout_loops_ring,
          dreamdust_ecumenical_altar_grove
D:2:      layout_rooms, corexii_shack, st_stairs_9, uniq_robin, uniq_natasha
D:3:      layout_loops_corners, grunt_temple_overflow_open, st_stairs_6,
          nicolae_figureground_pulse
D:4:      layout_layer_cave, serial_shops, shop_statue, uniq_crazy_yiuf_cottage,
          uniq_blork_the_orc

Notes
Turn   | Place    | Note
-------+----------+-------------------------------------------
     0 | D:1      | ytrimaz the Ogre Monk began the quest for the Orb.
     0 | D:1      | Reached XP level 1. HP: 24/24 MP: 1/1
     0 | D:1      | magus.rc [v1.9.6]
   201 | D:1      | Reached XP level 2. HP: 26/32 MP: 2/2
   280 | D:1      | Reached skill level 3 in Maces & Flails
   350 | D:1      | You pick up a book of the Hunter and begin reading...
   350 | D:1      | You add the spells Call Canine Familiar, Portal Projectile
                  | and Leda's Liquefaction to your library.
   362 | D:1      | Found a faded altar of an unknown god.
   829 | D:2      | Noticed Robin
   847 | D:2      | Reached XP level 3. HP: 25/40 MP: 3/3
   849 | D:1      | HP: 10/40 [goblin/+0 dagger[Robin] (5)]
  1037 | D:1      | Reached skill level 5 in Fighting
  1157 | D:2      | Killed Robin
  1278 | D:2      | Reached XP level 4. HP: 50/50 MP: 4/4
  1283 | D:2      | Identified the +1 ring mail of the Evening Star {rPois
                  | Str-3 Dex+8 Slay-2}
  1536 | D:2      | You fall into a shaft and drop 2 floors!
  1603 | D:4      | Noticed a scorpion
  1925 | D:2      | You pick up a book of Dangerous Friends and begin
                  | reading...
  1925 | D:2      | You add the spells Summon Guardian Golem, Orb of
                  | Destruction and Spellforged Servitor to your library.
  2079 | D:2      | Noticed Natasha
  2085 | D:2      | Killed Natasha
  2086 | D:2      | Reached skill level 4 in Maces & Flails
  2086 | D:2      | Reached XP level 5. HP: 40/59 MP: 5/5
  2151 | D:2      | Noticed Natasha
  2163 | D:2      | Killed Natasha
  2164 | D:2      | Reached skill level 6 in Fighting
  2167 | D:2      | Noticed Natasha
  2180 | D:2      | HP: 11/59 [Natasha/magic dart (8)]
  2339 | D:2      | Killed Natasha
  2757 | D:3      | Reached XP level 6. HP: 64/68 MP: 6/6
  2818 | D:3      | Reached skill level 7 in Fighting
  2999 | D:3      | Reached skill level 5 in Maces & Flails
  3166 | D:3      | You pick up a book of Spatial Translocations and begin
                  | reading...
  3166 | D:3      | You add the spells Blink, Momentum Strike and Lesser
                  | Beckoning to your library.
  3343 | D:3      | Found a radiant altar of Vehumet.
  3356 | D:3      | Found a broken altar of Ashenzari.
  3356 | D:3      | Found a snail-covered altar of Cheibriados.
  3360 | D:3      | Found a sacrificial altar of Ru.
  3360 | D:3      | Found a shimmering blue altar of Sif Muna.
  3643 | D:4      | Reached XP level 7. HP: 68/78 MP: 7/7
  3779 | D:4      | You add the spells Stone Arrow, Lehudib's Crystal Spear and
                  | Shatter to your library.
  3779 | D:4      | Got the Vademecum on Mud
  3867 | D:4      | Found Ydghib's General Store.
  3882 | D:4      | Bought a potion of heal wounds for 60 gold pieces
  3882 | D:4      | Bought a potion of lignification for 36 gold pieces
  3882 | D:4      | Bought a potion of flight for 36 gold pieces
  3901 | D:4      | Noticed Blork the orc
  4210 | D:4      | Reached skill level 8 in Fighting
  4348 | D:4      | Killed Blork the orc
  5092 | D:4      | Found a runed translucent door.
  5093 | D:4      | Noticed Crazy Yiuf
  5248 | D:4      | HP: 19/81 [constriction (3)]
  5249 | D:4      | HP: 8/81 [Crazy Yiuf/+2 quarterstaff of chaos (11)]
  5253 | D:4      | Constricted to death by Crazy Yiuf

Vanquished Creatures
  An ogre (D:3)
  A phantom (D:4)
  Blork the orc (D:4)
  A scorpion (D:4)
  An orc priest (D:3)
  A hound (D:4)
  Natasha (thrice) (D:2)
  2 orc wizards (D:3)
  Robin (D:2)
  3 gnolls (D:2)
  7 adders
  An ufetubus (D:4)
  2 worms (D:2)
  4 dart slugs
  10 orcs
  4 ball pythons
  4 endoplasms
  3 giant cockroaches
  17 goblins
  10 hobgoblins
  4 quokkas
  11 bats
  2 frilled lizards
  10 kobolds
  4 rats
108 creatures vanquished.

Vanquished Creatures (others)
  A fungus (D:1)
  A plant (D:2)
2 creatures vanquished.

Grand Total: 110 creatures vanquished

Table legend:
 A = Non-vault XP
 B = Vault XP
 C = Vault XP percentage of total XP
 D = Non-vault monster count
 E = Vault monster count
 F = Vault count percentage of total count
                 A         B        C        D         E       F
            +---------+---------+-------+---------+---------+-------
      Total |     801 |     180 |  18.3 |      89 |      19 |  17.6
            +---------+---------+-------+---------+---------+-------
        D:1 |      34 |      19 |  35.8 |      19 |      10 |  34.5
        D:2 |     172 |      69 |  28.6 |      26 |       7 |  21.2
        D:3 |     313 |       2 |   0.6 |      24 |       1 |   4.0
        D:4 |     282 |      90 |  24.2 |      20 |       1 |   4.8
            +---------+---------+-------+---------+---------+-------

Illustrated notes

Table legend:
 A = Kills in this place as a percentage of kills in the entire game.
 B = Kills by you in this place as a percentage of kills by you in the entire game.
 C = Kills by friends in this place as a percentage of kills by friends in the entire game.
 D = Other kills in this place as a percentage of other kills in the entire game.
 E = Experience gained in this place as a percentage of experience gained in the entire game.
 F = Experience gained in this place divided by the number of levels of this place that you have seen.
                   A       B       C       D       E      F
               +-------+-------+-------+-------+-------+----------------------
         Total | 100.0 | 100.0 |   N/A |   N/A | 100.0 | 245.2
       Dungeon | 100.0 | 100.0 |   N/A |   N/A | 100.0 | 245.2
               +-------+-------+-------+-------+-------+----------------------

Table legend: (Time is in decaauts)
 A = Elapsed time spent in this place.
 B = Non-inter-level travel time spent in this place.
 C = Inter-level travel time spent in this place.
 D = Time resting spent in this place.
 E = Time spent auto-exploring this place.
 F = Levels seen in this place.
 G = Mean time per level.
                   A        B        C        D        E       F      G
               +--------+--------+--------+--------+--------+-----+--------+
         Total |   5353 |   5299 |     54 |    558 |   3653 |   4 | 1338.2 |
       Dungeon |   5353 |   5299 |     54 |    558 |   3653 |   4 | 1338.2 |
               +--------+--------+--------+--------+--------+-----+--------+

Top non-repeatable levels by time:
     D:4: 1728 daAuts
     D:1: 1372 daAuts
     D:3: 1180 daAuts
     D:2: 1072 daAuts
